 Dungeon Crawl Stone Soup version 0.23.2 (webtiles) character file.

Game seed: 4491474671077272149

75 Revguard the Skirmisher (level 4, -7/35 HPs)
             Began as a Demonspawn Monk on Apr 12, 2019.
             Killed by divine providence
             ... invoked by an orc priest
              (15 damage)
             ... on level 3 of the Dungeon.
             The game lasted 00:07:38 (2884 turns).

Revguard the Skirmisher (Demonspawn Monk)           Turns: 2884, Time: 00:07:40

Health: -7/35      AC:  3    Str: 12    XL:     4   Next: 11%
Magic:  4/4        EV: 13    Int: 12    God:
Gold:   102        SH:  0    Dex: 19    Spells: 3/3 levels left

rFire    + . .     SeeInvis .   a - +0 hand axe
rCold    . . .     Gourm    +   (no shield)
rNeg     . . .     Faith    .   d - +0 leather armour
rPois    .         Spirit   .   (no helmet)
rElec    .         Reflect  .   (no cloak)
rCorr    .         Harm     .   (no gloves)
MR       .....                  (no boots)
Stlth    +++.......             e - amulet of the gourmand
HPRegen  0.11/turn              k - ring of protection from fire
MPRegen  0.09/turn              (no ring)

@: no status effects
A: thin skeletal structure 2
a: no special abilities


You were on level 3 of the Dungeon.
You were very full.

You visited 1 branch of the dungeon, and saw 3 of its levels.

You collected 102 gold pieces.

Inventory:

Hand Weapons
 a - a +0 hand axe (weapon)
 q - a +0 dagger
Armour
 b - a +0 robe
 d - a +0 leather armour (worn)
 o - a +0 chain mail
Jewellery
 e - an amulet of the gourmand (around neck)
 j - an uncursed amulet of magic regeneration
 k - a ring of protection from fire (left hand)
Scrolls
 f - a scroll of immolation {unknown}
 g - a scroll of blinking {unknown}
 h - 2 scrolls of teleportation {unknown}
 i - 2 scrolls of fear {unknown}
 l - a scroll of fog {unknown}
 m - a scroll of enchant weapon {unknown}
 n - a scroll of amnesia {unknown}
 p - 3 scrolls of identify {unknown}
Potions
 s - a potion of mutation {unknown}
Comestibles
 c - 4 rations


   Skills:
 + Level 3.3 Fighting
 + Level 0.2 Short Blades
 - Level 3.1 Axes
 * Level 1.4 Armour
 + Level 3.2 Dodging
 + Level 2.2 Stealth


You had 3 spell levels left.
You didn't know any spells.
Your spell library was empty.

Dungeon Overview and Level Annotations

Branches:
Dungeon (3/15)

Altars:
Cheibriados
Kikubaaqudgha


Innate Abilities, Weirdness & Mutations

You have a moderately thin skeletal structure. (Dex +4, Stealth+)


Message History

The orc priest barely misses you.
You hit the orc priest.
The orc priest is heavily wounded.
The orc priest hits you.
* * * LOW HITPOINT WARNING * * *
It was a potion of curing.
You feel better.
The orc priest hits you but does no damage.
You hit the orc priest.
The orc priest is severely wounded.
The orc priest closely misses you.
You closely miss the orc priest.
The orc priest is heavily wounded.
The orc priest begins to cast a cantrip, but forgets the words!
You barely miss the orc priest.
The orc priest is heavily wounded.
The orc priest hits you.
* * * LOW HITPOINT WARNING * * *
The orc priest mumbles some strange prayers to Beogh against you.
Beogh smites you!
You die...

.. .# #.### )# #
#.... .#.#
##.....#.#
#?.......#
#.#....#.#.#
...........#####
..#(#..........# .
#.....<###@# ....#
#.#....#.#o#
#...###.......o#.#
#.......#.#.#.#.#
#..##...#...#.#.#
##.##.o.##.##.#.#
###..#....o.)....#
.....#......##.###
.................


You could see an orc priest.

Vanquished Creatures
  An adder (D:2)
  An adder skeleton (D:2)
  A worm (D:2)
  3 dart slugs (D:2)
  2 orcs (D:3)
  A bat zombie (D:2)
  4 giant cockroaches
  7 hobgoblins
  3 jackals (D:3)
  5 bats
  3 frilled lizards
  5 goblins
  3 kobolds (D:2)
  10 rats
  A rat zombie (D:2)
50 creatures vanquished.

Notes
Turn   | Place    | Note
-------+----------+-------------------------------------------
     0 | D:1      | Revguard the Demonspawn Monk began the quest for the Orb.
     0 | D:1      | Reached XP level 1. HP: 18/18 MP: 1/1
   354 | D:1      | Gained mutation: You have a somewhat thin skeletal
                  | structure. (Dex +2, Stealth) [demonic ancestry]
   354 | D:1      | Reached XP level 2. HP: 13/24 MP: 2/2
  1446 | D:2      | Reached XP level 3. HP: 29/29 MP: 3/3
  1849 | D:2      | Reached skill level 1 in Armour
  1933 | D:2      | Found a snail-covered altar of Cheibriados.
  2548 | D:2      | Found an ancient bone altar of Kikubaaqudgha.
  2741 | D:3      | Gained mutation: You have a moderately thin skeletal
                  | structure. (Dex +4, Stealth+) [demonic ancestry]
  2741 | D:3      | Reached XP level 4. HP: 29/35 MP: 4/4
  2884 | D:3      | Killed from afar by an orc priest

Skill      XL: |  1  2  3 |
---------------+----------+-----
Dodging        | 3 |  3.2
Axes           | 3 |  3.1
Stealth        | 2 |  2.2
Armour         | 1 |  1.4
Fighting       | |  3.3
Short Blades   | |  0.2

Action                   |  1- 3 |  4- 6 || total
-------------------------+-------+-------++-------
Melee: Hand axe          |   105 |     6 ||   111
       Dagger            |    87 |    26 ||   113
  Use: Potion            |     2 |     1 ||     3
 Stab: Sleeping          |    10 |       ||    10
  Eat: Chunk             |    17 |     1 ||    18
Armor: Robe              |    18 |       ||    18
       Leather armour    |    20 |     8 ||    28
       Chain mail        |     1 |       ||     1
Dodge: Dodged            |   127 |    13 ||   140
